 Dungeon Crawl Stone Soup version 0.27.0-1-g7a089689b8 (webtiles) character file.

Game seed: 14776015247054492757

519 jazmu the Skirmisher (level 7, 0/56 HPs)
             Began as a Demonspawn Warper on Aug 15, 2021.
             Slain by a scorpion zombie (4 damage)
             ... in an ossuary.
             The game lasted 00:09:27 (6829 turns).

jazmu the Skirmisher (Demonspawn Warper)            Turns: 6829, Time: 00:09:27

Health: 0/56       AC:  9    Str: 14    XL:     7   Next: 1%
Magic:  10/10      EV: 10    Int: 14    God:
Gold:   141        SH:  0    Dex: 12    Spells: 10/10 levels left

rFire    . . .     SeeInvis .   m - +0 war axe
rCold    . . .     Faith    .   (no shield)
rNeg     . . .     Spirit   .   d - +0 ring mail
rPois    .         Reflect  .   (no helmet)
rElec    .         Harm     .   (no cloak)
rCorr    .         Rampage  .   (no gloves)
Will     .....                  v - +0 pair of boots
Stlth    +.........             (no amulet)
HPRegen  0.18/turn              (no ring)
MPRegen  0.12/turn              (no ring)

@: no status effects
A: icy blue scales 2, ignite blood 1, powered by pain 1
a: no special abilities


You were in an ossuary.
You visited 1 branch of the dungeon, and saw 4 of its levels.
You also visited: Sewer and Ossuary.

You collected 141 gold pieces.

Inventory:

Hand Weapons
 a - a +0 hand axe
 i - a +2 dagger of pain
 m - a +0 war axe (weapon)
Missiles
 u - 12 poisoned darts (quivered)
Armour
 b - a +0 leather armour
 d - a +0 ring mail (worn)
 l - a +0 robe of fire resistance
 v - a +0 pair of boots (worn)
Magical Staves
 o - a staff of earth
Jewellery
 g - a ring of protection from fire
Wands
 w - a wand of paralysis (8)
Scrolls
 c - a scroll of blinking
 f - 2 scrolls of teleportation
 j - 2 scrolls of vulnerability
 p - a scroll of fog
 s - 2 scrolls of enchant armour
Potions
 e - a potion of lignification {unknown}
 h - a potion of brilliance {unknown}
 k - a potion of heal wounds {unknown}
 n - 2 potions of mutation {unknown}
 q - 2 potions of resistance {unknown}
 r - a potion of cancellation {unknown}
 t - 2 potions of flight {unknown}
 x - a potion of attraction {unknown}


   Skills:
 + Level 5.5 Fighting
 + Level 5.0 Axes
 - Level 0.8 Throwing
 - Level 0.8 Armour
 - Level 1.7 Dodging
 - Level 2.0 Spellcasting
 - Level 2.6 Translocations


You had 10 spell levels left.
You didn't know any spells.
Your spell library contained the following spells:

 Spells                   Type           Power      Damage    Failure   Level
 Blink                    Tloc           N/A        N/A       24%         2
 Gell's Gravitas          Tloc           4%         N/A       43%         3
 Lesser Beckoning         Tloc           4%         N/A       43%         3
 Teleport Other           Tloc           8%         N/A       43%         3
 Passwall                 Tmut/Erth      0%         N/A       58%         2
 Swiftness                Air            1%         N/A       82%         3
 Manifold Assault         Tloc           8%         N/A       99%         5
 Summon Forest            Summ/Tloc      2%         N/A       100%        5
 Summon Mana Viper        Hex/Summ       1%         N/A       100%        5
 Dispersal                Tloc           4%         N/A       100%        6
 Invisibility             Hex            0%         N/A       100%        6
 Shadow Creatures         Summ           N/A        N/A       100%        6


Dungeon Overview and Level Annotations

Branches:
Dungeon (4/15)              Sewer (visited)         Ossuary (1/1)
 Temple: D:4-7

Altars:
Ru
Xom


Innate Abilities, Weirdness & Mutations

You are mostly covered in icy blue scales. (AC +3)
Your demonic aura sometimes causes spilled blood to erupt in flames.
You sometimes gain a little power by taking damage.


Message History

You hit the scorpion but do no damage.
The scorpion is heavily wounded.
You feel sick.
The helpless scorpion fails to defend itself.
You slash the scorpion!
The scorpion is almost dead.
You feel sick.
You are no longer poisoned.
The helpless scorpion fails to defend itself.
You hit the scorpion.
You kill the scorpion!
Your Axes skill increases to level 5!
You have reached level 7!
You barely miss the scorpion zombie. The scorpion zombie hits you.
* * * LOW HITPOINT WARNING * * *
The scorpion zombie hits you.
* * * LOW HITPOINT WARNING * * *
You barely miss the scorpion zombie.
The scorpion zombie hits you but does no damage.
You hit the scorpion zombie.
The scorpion zombie is lightly damaged.
The scorpion zombie barely misses you.
You hit the scorpion zombie.
The scorpion zombie is lightly damaged.
The scorpion zombie barely misses you.
You hit the scorpion zombie.
The scorpion zombie is moderately damaged.
The scorpion zombie barely misses you. x2
Okay, then.
You hit the scorpion zombie.
The scorpion zombie is moderately damaged.
The scorpion zombie hits you.
* * * LOW HITPOINT WARNING * * *
You barely miss the scorpion zombie.
The scorpion zombie is moderately damaged.
The scorpion zombie hits you but does no damage.
You hit the scorpion zombie but do no damage.
The scorpion zombie is moderately damaged.
The scorpion zombie hits you.
You die...

#########
#...#...#
#.∩.'.∩.#
#...#.@.#
######Z##
#...#
.8...#
.......#
##8...8##
#.......
#...8...
#...#...


You could see a scorpion zombie.

Vanquished Creatures
  A scorpion (Ossuary)
  A centaur zombie (Ossuary)
  2 orc priests (D:3)
  Jessica (D:3)
  Natasha (thrice) (D:3)
  Ijyb (D:2)
  An iguana (D:4)
  A hound skeleton (D:4)
  10 adders
  An adder skeleton (D:4)
  A worm (D:2)
  5 dart slugs
  2 orcs
  6 ball pythons
  5 bats
  2 endoplasms
  5 giant cockroaches
  5 goblins
  5 hobgoblins
  19 jackals
  14 kobolds
  3 quokkas (D:2)
  5 frilled lizards (Sewer)
  A hobgoblin zombie (Ossuary)
  A kobold zombie (Ossuary)
  10 rats
111 creatures vanquished.

Vanquished Creatures (others)
  6 plants (Sewer)
6 creatures vanquished.

Grand Total: 117 creatures vanquished

Notes
Turn   | Place    | Note
-------+----------+-------------------------------------------
     0 | D:1      | jazmu the Demonspawn Warper began the quest for the Orb.
     0 | D:1      | Reached XP level 1. HP: 16/16 MP: 3/3
   381 | D:1      | Gained mutation: You sometimes gain a little power by
                  | taking damage. [demonic ancestry]
   381 | D:1      | Reached XP level 2. HP: 17/23 MP: 5/5
  1215 | D:1      | Gained mutation: You are partially covered in icy blue
                  | scales. (AC +2) [demonic ancestry]
  1215 | D:1      | Reached XP level 3. HP: 22/28 MP: 6/6
  2857 | D:2      | Reached XP level 4. HP: 21/35 MP: 7/7
  3676 | D:3      | Noticed Natasha
  3713 | D:3      | Killed Natasha
  3714 | D:3      | Gained mutation: Your demonic aura sometimes causes spilled
                  | blood to erupt in flames. [demonic ancestry]
  3714 | D:3      | Reached XP level 5. HP: 34/42 MP: 8/8
  3720 | D:3      | Noticed Natasha
  3726 | D:3      | Killed Natasha
  3814 | D:3      | Found a faded altar of an unknown god.
  4018 | D:3      | Noticed Natasha
  4035 | D:3      | Killed Natasha
  4153 | D:3      | Found a glowing drain.
  4157 | Sewer    | Entered a sewer
  5231 | D:3      | Noticed Jessica
  5240 | D:3      | Killed Jessica
  5241 | D:3      | Gained mutation: You are mostly covered in icy blue scales.
                  | (AC +3) [demonic ancestry]
  5241 | D:3      | Reached XP level 6. HP: 48/49 MP: 9/9
  5254 | D:3      | Noticed Ijyb
  5367 | D:2      | Killed Ijyb
  6104 | D:3      | Reached skill level 5 in Fighting
  6228 | D:3      | Found a sacrificial altar of Ru.
  6650 | D:4      | Found a shimmering altar of Xom.
  6780 | D:4      | Found a sand-covered staircase.
  6788 | Ossuary  | Entered an ossuary
  6822 | Ossuary  | Reached skill level 5 in Axes
  6822 | Ossuary  | Reached XP level 7. HP: 10/56 MP: 10/10
  6829 | Ossuary  | Slain by a scorpion zombie

Illustrated notes

Levels and vault maps discovered:
D:1:      minmay_arrival_four_houses, layout_loops_corners
D:2:      layout_rooms, serial_park_tiny_2, nrook_mini_backslash, st_stairs_1,
          interstate_on_off
D:3:      layout_loops_ring, lemuel_coloured_pillars_altar,
          gup_sewer_entry_spiral, hellmonk_ecumenical_altar_dog_temple,
          uniq_jessica, uniq_natasha, uniq_ijyb
D:4:      layout_loops_ring, mainiacjoe_overflow_cross_hatched,
          nicolae_ossuary_entry_plus
Ossuary:  ossuary_minmay_scorpions

Skill      XL: |  1  2  3  4  5  6 |
---------------+-------------------+-----
Axes           | 2 3 4 5 |  5.0
Fighting       | 3 4 5 |  5.5
Throwing       | |  0.8
Armour         | |  0.8
Dodging        | |  1.7
Spellcasting   | |  2.0
Translocations | |  2.6

Action                   |  1- 3 |  4- 6 |  7- 9 || total
-------------------------+-------+-------+-------++-------
Melee: Hand axe          |   104 |       |       ||   104
       Dagger            |    69 |   301 |       ||   370
       War axe           |       |   105 |     8 ||   113
Throw: Boomerang         |       |     5 |       ||     5
       Dart              |       |     4 |       ||     4
Evoke: Wand              |       |     1 |       ||     1
  Use: Scroll            |       |     5 |       ||     5
       Potion            |       |     1 |       ||     1
 Stab: Sleeping          |     1 |       |       ||     1
       Paralysed         |       |     3 |       ||     3
Armor: Leather armour    |    65 |   108 |       ||   173
       Ring mail         |       |    39 |     2 ||    41
Dodge: Dodged            |   102 |   205 |     4 ||   311
